 Dungeon Crawl Stone Soup version 0.22.1-2-g9c5b331 (webtiles) character file.

58 thomasnlv21 the Chopper (level 3, -4/33 HPs)
             Began as a Minotaur Berserker on Nov 18, 2018.
             Was a Believer of Trog.
             Slain by an orc priest
             ... wielding a +0 flail
              (5 damage)
             ... on level 2 of the Dungeon.
             The game lasted 00:04:57 (1745 turns).

thomasnlv21 the Chopper (Minotaur Berserker)        Turns: 1745, Time: 00:04:57

Health: -4/33      AC:  6    Str: 22    XL:     3   Next: 75%
Magic:  2/2        EV: 12    Int:  4    God:    Trog [**....]
Gold:   118        SH:  0    Dex:  9    Spells: 2/2 levels left

rFire    . . .     SeeInvis .   a - +0 hand axe
rCold    . . .     Gourm    .   (no shield)
rNeg     . . .     Faith    .   h - +1 ring mail
rPois    .         Spirit   .   (helmet restricted)
rElec    .         Reflect  .   (no cloak)
rCorr    .         Harm     .   (no gloves)
MR       .....                  (no boots)
Stlth    ..........             (no amulet)
HPRegen  0.11/turn              (no ring)
MPRegen  0.08/turn              (no ring)

@: no status effects
A: retaliatory headbutt, horns 2
a: Berserk, Trog's Hand, Renounce Religion


You were on level 2 of the Dungeon.
You worshipped Trog.
Trog was pleased with you.
You were near starving.

You visited 1 branch of the dungeon, and saw 2 of its levels.

You collected 118 gold pieces.

Inventory:

Hand Weapons
 a - a +0 hand axe (weapon)
Armour
 b - a +0 animal skin
 d - a +0 leather armour
 h - a +1 ring mail (worn)
Scrolls
 e - 5 scrolls of identify
Potions
 f - a potion of flight {unknown}
Comestibles
 c - 3 rations


   Skills:
 + Level 4.2 Fighting
 + Level 4.3 Axes
 + Level 3.3 Armour
 + Level 2.9 Dodging


You had 2 spell levels left.
You didn't know any spells.
Your spell library was empty.

Dungeon Overview and Level Annotations

Branches:
Dungeon (2/15)

Altars:
The Shining One


Innate Abilities, Weirdness & Mutations

You reflexively headbutt those who attack you in melee.
You have a pair of horns on your head.


Message History

The leopard gecko barely misses you. You furiously retaliate!
You headbutt the leopard gecko!
You kill the leopard gecko!
Trog accepts your kill.
The orc priest mumbles some strange prayers to Beogh against you.
Beogh smites you!
* * * LOW HITPOINT WARNING * * *
The orc priest barely misses you.
Things that are here:
a club; a goblin corpse You closely miss the orc priest.
Your headbutt misses the orc priest. The orc priest closely misses you.
You slash the orc priest!
The orc priest is severely wounded.
The adder barely misses you.
The orc priest mumbles some strange prayers to Beogh against you.
Beogh smites you!
* * * LOW HITPOINT WARNING * * *
The orc priest hits you with a flail.
You die...

##.#.........###,,,,,>,,,,,*
....#.....##,.....>,,,,***,*
##.###.##.........,,,,,***,**
#.## ##.##*###.#.#***,,**,,,**
.## ##.# #.#.# *,,*,,,,,****
#.## ##.## #.#.# *,,,,,,,,,*,*
##.###..# #.#o# *,,,,,,,,,,*,
##.#...# ##.#o# **,,,,,,,,***
####.#..# ##..#@####..o,,,,,**
*
..####..####.#.#.S......,,,,**
#.# #......###.#####...****,**
* #.# #..####.#.........**
**,*** #.# #..# *#..#######.*
**,*, #.# #..# #..#******,*
**,* #.# #..#***#....,,,,,,*
###*** #.# #...,,,...###******
#..,,, #.# ##.#**##..# #.#***


You could see 2 orc priests and an adder.

Vanquished Creatures
  An adder (D:2)
  An ooze (D:2)
  A dart slug (D:1)
  2 leopard geckos
  4 giant cockroaches
  4 hobgoblins (D:1)
  12 bats
  3 frilled lizards
  6 goblins
  3 kobolds
  3 rats
40 creatures vanquished.

Notes
Turn   | Place    | Note
-------+----------+-------------------------------------------
     0 | D:1      | thomasnlv21 the Minotaur Berserker began the quest for the
                  | Orb.
     0 | D:1      | Reached XP level 1. HP: 19/19 MP: 0/0
   122 | D:1      | Reached XP level 2. HP: 19/27 MP: 1/1
   874 | D:2      | Reached XP level 3. HP: 30/33 MP: 2/2
  1093 | D:2      | Reached ** piety under Trog
  1130 | D:2      | Found a glowing golden altar of the Shining One.
  1262 | D:2      | HP: 1/33 [poisoned by a kobold]
  1745 | D:2      | HP: 1/33 [orc priest/divine providence (7)]
  1745 | D:2      | Slain by an orc priest

Skill      XL: |  1  2 |
---------------+-------+-----
Axes           | 4 |  4.3
Fighting       | 4 |  4.2
Armour         | 3 |  3.3
Dodging        | |  2.9

Action                   || total
-------------------------++-------
Melee: Hand axe          ||    74
       Headbutt          ||     8
  Use: Scroll            ||     5
       Potion            ||     3
  Eat: Chunk             ||     1
Armor: Animal skin       ||    13
       Leather armour    ||    17
       Ring mail         ||    10
Dodge: Dodged            ||    84
